 Dungeon Crawl Stone Soup version 0.25-a0-516-g7d600cd9ad (webtiles) character file.

Game seed: 3284588633631709603, levelgen mode: deterministic

176 Jullhope the Cudgeler (level 5, -1/33 HPs)
             Began as a Gargoyle Monk on Feb 17, 2020.
             Killed by divine providence
             ... invoked by an orc priest
              (14 damage)
             ... on level 3 of the Dungeon.
             The game lasted 00:16:57 (2392 turns).

Jullhope the Cudgeler (Gargoyle Monk)               Turns: 2392, Time: 00:16:58

Health: -1/33      AC:  9    Str: 16    XL:     5   Next: 56%
Magic:  5/5        EV: 12    Int: 10    God:
Gold:   120        SH:  0    Dex: 12    Spells: 4/4 levels left

rFire    . . .     SeeInvis .   a - +0 mace
rCold    . . .     Gourm    .   (no shield)
rNeg     + . .     Faith    .   d - +0 ring mail
rPois    ∞         Spirit   .   (no helmet)
rElec    +         Reflect  .   (no cloak)
rCorr    .         Harm     .   (no gloves)
MR       .....                  (no boots)
Stlth    +.........             (no amulet)
HPRegen  0.11/turn              (no ring)
MPRegen  0.09/turn              (no ring)

@: no status effects
A: negative energy resistance 1, electricity resistance, unbreathing,
petrification resistance, rot immunity, AC +4
a: no special abilities


You were on level 3 of the Dungeon.
You were hungry.

You visited 1 branch of the dungeon, and saw 3 of its levels.

You collected 120 gold pieces.

Inventory:

Hand Weapons
 a - a +0 mace (weapon)
 g - a +1 vorpal hand axe
Missiles
 o - a throwing net (quivered)
Armour
 d - a +0 ring mail (worn)
 m - a +0 leather armour
Scrolls
 b - a scroll of identify
 f - 4 scrolls of teleportation
 h - 2 scrolls of remove curse
 j - 2 scrolls of fear {unknown}
 k - a scroll of random uselessness {unknown}
 p - a scroll of fog {unknown}
Potions
 e - a potion of magic {unknown}
 i - a potion of degeneration
 l - 2 potions of curing {unknown}
 n - a potion of mutation {unknown}
 q - a potion of heal wounds {unknown}
Comestibles
 c - 5 rations


   Skills:
 + Level 4.0 Fighting
 + Level 4.4 Maces & Flails
 + Level 1.0 Armour
 + Level 3.3 Dodging
 + Level 3.0 Stealth


You had 4 spell levels left.
You didn't know any spells.
Your spell library was empty.

Dungeon Overview and Level Annotations

Branches:
Dungeon (3/15)

Altars:
Ashenzari
Gozag


Innate Abilities, Weirdness & Mutations

You are resistant to torment.
Your stone body is resilient. (AC +4)
You are immune to poison.
You resist negative energy. (rN+)
You are resistant to electric shocks. (rElec)
You can survive without breathing.
You are immune to petrification.
You are immune to rotting.


Message History

The hobgoblin is heavily wounded.
The hobgoblin hits you.
You hit the hobgoblin.
The hobgoblin is severely wounded.
The hobgoblin barely misses you.
You hit the hobgoblin but do no damage.
The hobgoblin is severely wounded.
The hobgoblin closely misses you. The hobgoblin completely misses you.
You hit the hobgoblin but do no damage.
The hobgoblin is heavily wounded.
The hobgoblin misses you.
You hit the hobgoblin.
You kill the hobgoblin!
Your Fighting skill increases to level 4!
You closely miss the orc priest.
The orc priest calls down the wrath of Beogh upon you.
Pain shoots through your body!
The orc priest invokes the aid of Beogh against you.
Beogh smites you!
You die...

.....#.# ##.....#................
#..<.####.....#...(............
###......).....................>#
.......###.........#.....#.....##
.......# #...........#########
.....#.# ##.......##.# .....#...
##...#..##.#
....##...#######.....#
#...###.....####@##..# ..#...
........#o#####
#########...##....####
............# ...............
............##. ...#........#
####........# #........#


You could see an orc priest.

Vanquished Creatures
  A hound (D:2)
  6 adders
  3 worms
  4 dart slugs
  4 leopard geckos
  4 orcs (D:3)
  4 bats
  A bat zombie (D:2)
  3 giant cockroaches
  9 goblins
  6 hobgoblins
  6 kobolds
  A quokka (D:3)
  5 frilled lizards
  6 rats
63 creatures vanquished.

Vanquished Creatures (others)
  An orc wizard (D:3)
1 creature vanquished.

Grand Total: 64 creatures vanquished

Notes
Turn   | Place    | Note
-------+----------+-------------------------------------------
     0 | D:1      | Jullhope the Gargoyle Monk began the quest for the Orb.
     0 | D:1      | Reached XP level 1. HP: 14/14 MP: 1/1
   202 | D:1      | Reached XP level 2. HP: 19/19 MP: 2/2
   467 | D:1      | Reached XP level 3. HP: 23/23 MP: 3/3
   984 | D:2      | Reached XP level 4. HP: 14/29 MP: 4/4
  1785 | D:3      | Reached XP level 5. HP: 18/33 MP: 5/5
  1904 | D:3      | Found a shattered altar of Ashenzari.
  1952 | D:3      | Found an opulent altar of Gozag.
  2048 | D:3      | Paralysed by fainting for 12 turns
  2381 | D:3      | Reached skill level 1 in Armour
  2392 | D:3      | Killed from afar by an orc priest

Levels and vault maps discovered:
D:1:      sevenhm_arrival_forest_fort_large_2, layout_basic, minmay_tripent
D:2:      lemuel_upstairs_altar, layout_basic, first_ration,
          chequers_serial_rivers_micro_c, minmay_unequal
D:3:      layout_rooms, overflow_temple_1_default, lemuel_crystal_altar,
          wander_ebering_terrifying_dragon_lair

Skill      XL: |  1  2  3  4  5 |
---------------+----------------+-----
Dodging        | 3 |  3.3
Maces & Flails | 4 |  4.4
Armour         | 1 |  1.0
Stealth        | 3 |  3.0
Fighting       | 4 |  4.0

Action                   |  1- 3 |  4- 6 || total
-------------------------+-------+-------++-------
Melee: Mace              |    81 |   159 ||   240
Throw: Throwing net      |       |     1 ||     1
  Use: Scroll            |       |     3 ||     3
 Stab: Sleeping          |     1 |     4 ||     5
  Eat: Chunk             |       |     1 ||     1
       Ration            |       |     1 ||     1
Armor: Robe              |    33 |       ||    33
       Leather armour    |     6 |    75 ||    81
       Skin              |     1 |       ||     1
       Ring mail         |       |     7 ||     7
Dodge: Dodged            |    90 |   173 ||   263

Table legend:
 A = Non-vault XP
 B = Vault XP
 C = Vault XP percentage of total XP
 D = Non-vault monster count
 E = Vault monster count
 F = Vault count percentage of total count
                 A         B        C        D         E       F
            +---------+---------+-------+---------+---------+-------
      Total |     239 |      13 |   5.2 |      58 |       6 |   9.4
            +---------+---------+-------+---------+---------+-------
        D:1 |      40 |       5 |  11.1 |      22 |       2 |   8.3
        D:2 |     112 |       5 |   4.3 |      18 |       3 |  14.3
        D:3 |      87 |       3 |   3.3 |      18 |       1 |   5.3
            +---------+---------+-------+---------+---------+-------
